 Dungeon Crawl Stone Soup version 0.28.0-45-g0d030f2227 (webtiles) character file.

Game seed: 9487979864800559092

1906 MisterFreud the Changer (level 8, 0/118 HPs)
             Began as a White Draconian Transmuter on Apr 23, 2022.
             Was an Initiate of Ru.
             Slain by Grinder (3 damage)
             ... on level 6 of the Dungeon.
             The game lasted 00:10:51 (5780 turns).

MisterFreud the Changer (DrTm)                      Turns: 5780, Time: 00:10:51

Health: 0/118      AC:  6    Str: 13    XL:     8   Next: 94%
Magic:  15/20      EV: 13    Int: 16    God:    Ru [......]
Gold:   1226       SH:  0    Dex: 17    Spells: 2/11 levels left

rFire   x . .      SeeInvis .     - Unarmed
rCold   + + +      Faith    +   (shield currently unavailable)
rNeg    . . .      Spirit   .   (armour unavailable)
rPois   +          Reflect  .   (helmet currently unavailable)
rElec   .          Harm     .   (cloak currently unavailable)
rCorr   .          Rampage  .   (gloves currently unavailable)
Will    .....                   (boots currently unavailable)
Stlth   ..........              i - amulet of faith
HPRegen 0.29/turn               b - ring of magical power
MPRegen 0.17/turn               w - +6 ring of dexterity

@: berserking (expiring), ice-form, very quick
A: freezing attack, amphibious, boosted hp, (breathe frost), AC +6, large,
unfitting armour, (cold resistance 1), (cold-blooded)
a: End Transformation, Renounce Religion, Sacrifice Purity, Sacrifice an Eye,
Sacrifice Nimbleness, Reject Sacrifices


You were on level 6 of the Dungeon.
You worshipped Ru.
Ru was noncommittal.
You were a creature of crystalline ice.
You visited 2 branches of the dungeon, and saw 8 of its levels.
You also visited: Ossuary.

You collected 1226 gold pieces.

Inventory:

Missiles
 c - 2 javelins
 e - 2 poisoned darts
Armour
 h - the +0 buckler "Sippa" (melded) {rN+ Will- Slay+5}
   (You found it on level 2 of the Dungeon)

   Slay:      It affects your accuracy & damage with ranged weapons and melee
   (+5).
   rN:        It protects you from negative energy.
   Will:      It decreases your willpower.
 p - a +1 pair of boots (melded)
Jewellery
 b - a ring of magical power (left front paw)
 i - an amulet of faith (around neck)
 k - an amulet of the acrobat
 w - a +6 ring of dexterity (right front paw)
Wands
 r - a wand of mindburst (20)
 s - a wand of acid (7)
Scrolls
 d - 2 scrolls of fog
 j - a scroll of brand weapon
 n - a scroll of enchant weapon {unknown}
 o - a scroll of enchant armour
Potions
 a - a potion of cancellation
 f - a potion of brilliance
 g - 3 potions of mutation
 l - 5 potions of invisibility
 u - 4 potions of magic


   Skills:
 - Level 4.0 Fighting
 - Level 6.0 Dodging
 - Level 6.0 Unarmed Combat
 - Level 2.0 Spellcasting
 + Level 6.9 Transmutations
 + Level 3.6 Ice Magic


You had 2 spell levels left.
You knew the following spells:

 Your Spells              Type           Power      Damage    Failure   Level
a - Ice Form              Ice/Tmut       18%        N/A       24%         4
b - Wereblood             Tmut           23%        N/A       1%          2
c - Spider Form           Tmut/Pois      12%        N/A       16%         3

Your spell library contained the following spells:

 Spells                   Type           Power      Damage    Failure   Level
 Beastly Appendage        Tmut           46%        N/A       1%          1


Dungeon Overview and Level Annotations

Branches:
Dungeon (7/15)             Temple (1/1) D:5         Ossuary (visited)

Altars:
Ashenzari
Dithmenos
Gozag
Kikubaaqudgha
Nemelex Xobeh
Ru
Sif Muna
Trog
Uskayaw
Vehumet
Xom
Yredelemnul
Zin
The Shining One

Annotations:
D:4 Dowan
D:6 Grinder


Innate Abilities, Weirdness & Mutations

You are a creature of crystalline ice.
You have a powerful freezing melee attack.
You are amphibious.
Your maximum health is increased.
Your armour is entirely melded.
You are incapable of wielding weapons or throwing items.
((You can breathe waves of freezing cold which knock back foes.))
((Your icy white scales are hard. (AC +6)))
You cannot fit into any form of body armour.
((Your flesh is cold resistant. (rC+)))
((You are cold-blooded and may be slowed by cold attacks.))


Message History

Menkaure calls on the powers of darkness!
The ice beast convulses!
Your body is wracked with pain!
* * * LOW HITPOINT WARNING * * *
The ice beast hits you but does no damage.
Your magical contamination has completely faded away.
You hit the ice beast.
The ice beast is almost dead.
The ice beast hits you but does no damage.
You punch the ice beast!
You kill the ice beast!
You hit Menkaure. You freeze Menkaure.
Menkaure is moderately damaged.
Menkaure hits you but does no damage.
You punch Menkaure! You freeze Menkaure.
You destroy Menkaure!
You start resting.
Grinder is nearby!
A red film seems to cover your vision as you go berserk!
You feel yourself moving faster!
You feel mighty! Grinder gestures at you.
You suddenly lose the ability to move!
Grinder gestures at you. Pain shoots through your body!
* * * LOW HITPOINT WARNING * * *
Grinder hits you!
* * * LOW HITPOINT WARNING * * *
You writhe in agony.
* * * LOW HITPOINT WARNING * * *
You can move again.
Unknown command.
Unknown command.
Unknown command.
You pummel Grinder!! You freeze Grinder.
Grinder is heavily wounded.
You punch Grinder!
Grinder is almost dead.
Grinder hits you.
* * * LOW HITPOINT WARNING * * *
You writhe in agony.
You die...

##..# ##..# . ##...## ..
####.....# ...
#...)###.## M...
######.#รท..##..###.....
#...............).5...#
##..###'###.###5###..##
#..##.##...##Y#
####...###.....###
........#.......#
....##...###'###..#
....#.....##.# .##
......#....### #
....####....# ....#
####...# ....# #.##


You could see Grinder.

Vanquished Creatures
  Prince Ribbit (D:5)
  Eustachio (D:5)
  A water moccasin (D:6)
  Menkaure (D:6)
  An orc warrior (D:5)
  An ice beast (D:6)
  3 ogres (D:5)
  2 centaurs (D:6)
  A bullfrog (D:6)
  2 scorpions
  A wight (D:5)
  A howler monkey (D:6)
  A bullfrog zombie (D:5)
  A human zombie (Ossuary)
  3 hounds (D:5)
  2 iguanas
  3 orc wizards
  4 mummies
  Robin (D:4)
  4 gnolls (D:5)
  3 adders
  2 shadow imps (D:6)
  An ufetubus (D:5)
  10 orcs
  5 bats
  4 endoplasms
  4 giant cockroaches
  2 gnoll zombies (Ossuary)
  18 goblins
  11 hobgoblins
  13 jackals
  6 quokkas
  5 ball pythons
  A frilled lizard (D:2)
  4 goblin zombies
  A hobgoblin zombie (Ossuary)
  7 kobolds
  A kobold zombie (Ossuary)
  An orc zombie (Ossuary)
  3 rats
137 creatures vanquished.

Vanquished Creatures (others)
  A plant (D:1)
  A withered plant (D:1)
2 creatures vanquished.

Grand Total: 139 creatures vanquished

Notes
Turn   | Place    | Note
-------+----------+-------------------------------------------
     0 | D:1      | MisterFreud the Draconian Transmuter began the quest for
                  | the Orb.
     0 | D:1      | Reached XP level 1. HP: 16/16 MP: 3/3
    50 | D:1      | Reached XP level 2. HP: 13/23 MP: 3/5
    58 | D:1      | Learned a level 2 spell: Wereblood
   403 | D:1      | Found a faded altar of an unknown god.
   736 | D:1      | Reached XP level 3. HP: 26/28 MP: 6/6
   763 | D:1      | Learned a level 3 spell: Spider Form
   784 | D:2      | Identified the +0 buckler "Sippa" {rN+ Will- Slay+5}
  1564 | D:3      | Reached XP level 4. HP: 29/35 MP: 7/7
  1742 | D:3      | Noticed a scorpion
  2204 | D:3      | Killed a scorpion
  2205 | D:3      | Reached skill level 5 in Transmutations
  2205 | D:3      | Reached XP level 5. HP: 40/40 MP: 8/8
  2359 | D:4      | Noticed Dowan
  2384 | D:5      | Entered Level 5 of the Dungeon
  2764 | D:4      | Noticed Robin
  2785 | D:4      | Killed Robin
  2956 | D:5      | Found a staircase to the Ecumenical Temple.
  2964 | D:5      | Reached XP level 6. HP: 51/51 MP: 9/9
  2968 | Temple   | Entered the Ecumenical Temple
  3246 | Temple   | Became a worshipper of Ru the Awakened
  3585 | D:5      | Noticed Eustachio
  3586 | D:5      | Noticed Prince Ribbit
  3599 | D:5      | Your scales start taking on an icy white colour.
  3599 | D:5      | Reached XP level 7. HP: 53/59 MP: 10/10
  3599 | D:5      | Gained mutation: Your flesh is cold resistant. (rC+) [White
                  | Draconian growth]
  3626 | D:5      | Killed Eustachio
  3627 | D:5      | Reached skill level 5 in Unarmed Combat
  3637 | D:5      | Killed Prince Ribbit
  3946 | D:5      | Reached XP level 8. HP: 34/66 MP: 11/11
  4101 | D:5      | Reached skill level 5 in Dodging
  4998 | D:6      | Identified a scroll of acquirement
  4998 | D:6      | Acquired 1079 gold pieces
  5011 | D:6      | Noticed Menkaure
  5041 | D:6      | Found a shimmering altar of Xom.
  5042 | D:6      | Noticed Grinder
  5052 | D:6      | Paralysed by Grinder for 4 turns
  5337 | D:6      | Found a sand-covered staircase.
  5348 | Ossuary  | Entered an ossuary
  5538 | Ossuary  | Learned a level 4 spell: Ice Form
  5729 | D:6      | Reached skill level 1 in Ice Magic
  5771 | D:6      | Killed Menkaure
  5775 | D:6      | Paralysed by Grinder for 4 turns
  5780 | D:6      | HP: 3/118 [Grinder (6)]
  5780 | D:6      | Slain by Grinder

Illustrated notes

Levels and vault maps discovered:
D:1:      scummos_arrival_simple_crosswalls, layout_rooms,
          shapermc_ecumenical_altar_flowoftime
D:2:      layout_loops_ring
D:3:      layout_basic, minivault_24
D:4:      layout_rooms, minmay_manual_mares, uniq_duvessa, uniq_edmund,
          uniq_robin
D:5:      layout_basic, minmay_temple_entry_junction_2, minivault_1,
          grunt_ministairs_12, st_stairs_12, minmay_misc_feat_tiny,
          uniq_eustachio, uniq_prince_ribbit1
D:6:      layout_rooms, mainiacjoe_overflow_paths, nicolae_ossuary_entry_giza,
          uniq_grinder, uniq_menkaure
D:7:      layout_loops_ring
Temple:   mainiacjoe_temple_trianglar_array

Skill      XL: |  1  2  3  4  5  6  7  8 |
---------------+-------------------------+-----
Dodging        | 2 3 4 6 |  6.0
Transmutations | 3 5 6 |  6.9
Fighting       | 3 4 |  4.0
Unarmed Combat | 4 6 |  6.0
Ice Magic      | 3 |  3.6
Spellcasting   | |  2.0

Action                   |  1- 3 |  4- 6 |  7- 9 || total
-------------------------+-------+-------+-------++-------
Melee: Unarmed           |   110 |    95 |   161 ||   366
       Kick              |    18 |    21 |    15 ||    54
       Tailslap          |    11 |     8 |    30 ||    49
       Headbutt          |    11 |    10 |     8 ||    29
       Punch             |     1 |       |       ||     1
 Cast: Beastly Appendage |    28 |    17 |    11 ||    56
       Spider Form       |       |     2 |       ||     2
       Ice Form          |       |       |     1 ||     1
 Abil: End Transformatio |       |     1 |       ||     1
  Use: Scroll            |       |       |    16 ||    16
       Potion            |       |       |     1 ||     1
 Stab: Sleeping          |     1 |       |       ||     1
Armor: Skin              |    29 |    23 |    35 ||    87
Dodge: Dodged            |    69 |    82 |   101 ||   252
Block: Buckler           |     6 |    10 |    28 ||    44
